 Dungeon Crawl Stone Soup version 0.22-a0-542-gce4f928 (webtiles) character file.

61 iamserjio the Sneak (level 4, -2/38 HPs)
             Began as a Gnoll Assassin on June 24, 2018.
             Slain by a quokka (3 damage)
             ... on level 3 of the Dungeon.
             The game lasted 00:03:09 (532 turns).

iamserjio the Sneak (Gnoll Assassin)                 Turns: 532, Time: 00:03:10

Health: -2/38      AC:  3    Str: 14    XL:     4   Next: 7%
Magic:  5/5        EV: 13    Int: 14    God:
Gold:   47         SH:  0    Dex: 16    Spells: 5/5 levels left

rFire    . . .     SeeInvis .   a - +2 dagger
rCold    . . .     Gourm    .   (no shield)
rNeg     . . .     Faith    .   c - +0 robe
rPois    .         Spirit   .   (no helmet)
rElec    .         Reflect  .   d - +0 cloak
rCorr    .         Harm     .   (no gloves)
MR       .....                  (no boots)
Stlth    ++++......             (no amulet)
HPRegen  0.12/turn              (no ring)
MPRegen  0.09/turn              (no ring)

@: no status effects
A: distributed training, fangs 1, strong nose
a: no special abilities


You were on level 3 of the Dungeon.
You were not hungry.

You visited 1 branch of the dungeon, and saw 4 of its levels.

You collected 47 gold pieces.

Inventory:

Hand Weapons
 a - a +2 dagger (weapon)
 b - a +0 blowgun
 h - a -1 dagger
 n - a +0 short sword
Missiles
 e - 8 poisoned needles
 f - 2 curare-tipped needles {!f}
Armour
 c - a +0 robe (worn)
 d - a +0 cloak (worn)
 o - a +0 scale mail
Jewellery
 q - a cursed ring of teleportation {unknown}
Scrolls
 i - a scroll of remove curse {@r2}
 k - a scroll of enchant weapon {unknown}
 l - a scroll of enchant armour {unknown}
 m - a scroll of fog {unknown}
Potions
 j - a potion of curing {unknown}
 p - a potion of invisibility {unknown}
 r - a potion of heal wounds {unknown}
Comestibles
 g - 4 rations


   Skills:
 + Level 4.6 Fighting
 + Level 4.6 Short Blades
 + Level 1.0 Long Blades
 + Level 1.0 Axes
 + Level 1.0 Maces & Flails
 + Level 1.0 Polearms
 + Level 1.0 Staves
 + Level 1.0 Slings
 + Level 1.0 Bows
 + Level 1.0 Crossbows
 + Level 4.6 Throwing
 + Level 1.0 Armour
 + Level 2.7 Dodging
 + Level 7.8 Stealth
 + Level 1.0 Shields
 + Level 1.0 Unarmed Combat
 + Level 1.0 Spellcasting
 + Level 0.7 Conjurations
 + Level 0.7 Hexes
 + Level 0.7 Charms
 + Level 0.7 Summonings
 + Level 0.7 Necromancy
 + Level 0.7 Translocations
 + Level 0.7 Transmutations
 + Level 0.7 Fire Magic
 + Level 0.7 Ice Magic
 + Level 0.7 Air Magic
 + Level 0.7 Earth Magic
 + Level 0.7 Poison Magic
 + Level 1.1 Invocations
 + Level 1.0 Evocations


You had 5 spell levels left.
You didn't know any spells.
Your spell library was empty.

Dungeon Overview and Level Annotations

Branches:
Dungeon (4/15)
 Temple: D:4-7

Altars:
Elyvilon
Qazlal
Trog
Uskayaw
Xom


Innate Abilities, Weirdness & Mutations

Your experience applies equally to all skills.
You have very sharp teeth.
Your uncanny sense of smell can sniff out nearby items.


Message History

q - a peridot ring You feel sick.
A goblin comes into view. It is wielding a club.
You see here a ruby potion.
r - a ruby potion You feel sick.
You are no longer poisoned.
The quokka bites you.
* * * LOW HITPOINT WARNING * * *
You hit the quokka.
The quokka is heavily wounded.
The quokka barely misses you.
You hit the quokka.
The quokka is almost dead.
The quokka bites you.
* * * LOW HITPOINT WARNING * * *
You miss the quokka. Your bite misses the quokka.
The quokka is almost dead.
The quokka bites you.
You die...

#<.. #g...# #... #....#
#... #....# ##. #...
....##### .... #...
############ #......##....
#>.. ...........#
#.........K.. #...
##########.###............
#... # #.#....@r.....?#
#... # #.#........#####.#
#... # #.#........).....#
#... # #.#.......†########
#### # #.###..............
# #.# #######.###### # #.#
#........# #
#.####........#
#.............#


You could see a quokka, a goblin (sleeping) and a kobold (sleeping).

Vanquished Creatures
  3 adders
  A worm (D:3)
  An orc (D:3)
  3 giant cockroaches
  3 hobgoblins (D:3)
  5 jackals
  2 kobolds
  2 quokkas (D:3)
  4 bats
  2 frilled lizards
  3 rats
29 creatures vanquished.

Notes
Turn   | Place    | Note
-------+----------+-------------------------------------------
     0 | D:1      | iamserjio the Gnoll Assassin began the quest for the Orb.
     0 | D:1      | Reached XP level 1. HP: 20/20 MP: 1/1
   223 | D:2      | Reached XP level 2. HP: 26/26 MP: 2/2
   277 | D:2      | Found a shimmering altar of Xom.
   286 | D:2      | Found a shimmering altar of Xom.
   319 | D:3      | Found a white marble altar of Elyvilon.
   320 | D:3      | Found a bloodstained altar of Trog.
   320 | D:3      | Found a stormy altar of Qazlal.
   321 | D:3      | Found a hide-covered altar of Uskayaw.
   332 | D:3      | Reached XP level 3. HP: 28/31 MP: 3/3
   428 | D:3      | Reached skill level 1 in Invocations
   508 | D:3      | Reached skill level 1 in Long Blades
   508 | D:3      | Reached skill level 1 in Axes
   508 | D:3      | Reached skill level 1 in Maces & Flails
   508 | D:3      | Reached skill level 1 in Polearms
   508 | D:3      | Reached skill level 1 in Staves
   508 | D:3      | Reached skill level 1 in Slings
   508 | D:3      | Reached skill level 1 in Bows
   508 | D:3      | Reached skill level 1 in Crossbows
   508 | D:3      | Reached skill level 1 in Armour
   508 | D:3      | Reached skill level 1 in Shields
   508 | D:3      | Reached skill level 1 in Unarmed Combat
   508 | D:3      | Reached skill level 1 in Spellcasting
   508 | D:3      | Reached skill level 1 in Evocations
   508 | D:3      | Reached XP level 4. HP: 8/38 MP: 5/5
   531 | D:3      | HP: 1/38 [quokka (1)]
   532 | D:3      | Slain by a quokka

Vault maps used:
D:1:      onia_arrival_mini_maze, minmay_pentomino_x4
D:2:      xom_redecorated, minmay_misc_feat_rugged, uniq_crazy_yiuf_cottage
D:3:      chequers_temple_overflow_statue_of_worship
D:4:      lemuel_doored_altar, grunt_gozag_statues,
          lemuel_coloured_pillars_altar, nemelex_xobeh_ov_fountains_minmay,
          uniq_sigmund, uniq_pikel, uniq_duvessa, uniq_robin

Skill      XL: |  1  2  3 |
---------------+----------+-----
Invocations    | 1 |  1.1
Long Blades    | 1 |  1.0
Axes           | 1 |  1.0
Maces & Flails | 1 |  1.0
Polearms       | 1 |  1.0
Staves         | 1 |  1.0
Slings         | 1 |  1.0
Bows           | 1 |  1.0
Crossbows      | 1 |  1.0
Armour         | 1 |  1.0
Shields        | 1 |  1.0
Unarmed Combat | 1 |  1.0
Spellcasting   | 1 |  1.0
Evocations     | 1 |  1.0
Fighting       | |  4.6
Short Blades   | |  4.6
Throwing       | |  4.6
Dodging        | |  2.7
Stealth        | |  7.8
Conjurations   | |  0.7
Hexes          | |  0.7
Charms         | |  0.7
Summonings     | |  0.7
Necromancy     | |  0.7
Translocations | |  0.7
Transmutations | |  0.7
Fire Magic     | |  0.7
Ice Magic      | |  0.7
Air Magic      | |  0.7
Earth Magic    | |  0.7
Poison Magic   | |  0.7

Action                   |  1- 3 |  4- 6 || total
-------------------------+-------+-------++-------
Melee: Dagger            |   102 |    12 ||   114
       Bite              |    16 |     1 ||    17
       Punch             |     1 |       ||     1
 Fire: Blowgun           |     3 |       ||     3
  Use: Scroll            |     1 |       ||     1
 Stab: Sleeping          |     4 |       ||     4
Armor: Robe              |    22 |     2 ||    24
Dodge: Dodged            |    77 |     4 ||    81

Table legend:
 A = Spawn XP
 B = Non-spawn XP
 C = Spawn XP percentage of total XP
 D = Spawn monster count
 E = Non-spawn monster count
 F = Spawn count percentage of total count
 G = Total turns spent on level
                    A         B        C        D         E        F      G
               +---------+---------+-------+---------+---------+-------+---------
         Total |       0 |      88 |   0.0 |       0 |      29 |   0.0 |   532
               +---------+---------+-------+---------+---------+-------+---------
           D:1 |       0 |       2 |   0.0 |       0 |       1 |   0.0 |   147
           D:2 |       0 |      23 |   0.0 |       0 |       8 |   0.0 |   174
           D:3 |       0 |      63 |   0.0 |       0 |      20 |   0.0 |   206
               +---------+---------+-------+---------+---------+-------+---------
